 Dungeon Crawl Stone Soup version 0.29.0-13-gc9e81de378 (webtiles) character file.

Game seed: 10759766857254741726

384 Persephone the Skirmisher (level 6, 0/50 HPs)
             Began as a Minotaur Hunter on Sept 8, 2022.
             Killed by nerve-wracking pain
             ... invoked by a shadow imp
             ... summoned by Eustachio
              (11 damage)
             ... on level 4 of the Dungeon.
             The game lasted 00:04:34 (3112 turns).

Persephone the Skirmisher (Minotaur Hunter)         Turns: 3112, Time: 00:04:34

Health: 0/50       AC:  4    Str: 16    XL:     6   Next: 47%
Magic:  5/5        EV: 12    Int:  6    God:
Gold:   171        SH:  0    Dex: 15    Spells: 5/5 levels left

rFire   . . .      SeeInvis .   a - +0 shortbow
rCold   . . .      Faith    .   (shield currently unavailable)
rNeg    . . .      Spirit   .   c - +0 leather armour
rPois   .          Reflect  .   (helmet restricted)
rElec   .          Harm     .   (no cloak)
rCorr   .          Rampage  .   h - +0 pair of gloves
Will    .....                   (no boots)
Stlth   +.........              (no amulet)
HPRegen 0.16/turn               (no ring)
MPRegen 0.09/turn               (no ring)

@: no status effects
A: horns 2, retaliatory headbutt
a: no special abilities


You were on level 4 of the Dungeon.
You visited 1 branch of the dungeon, and saw 4 of its levels.
You also visited: Sewer.

You collected 171 gold pieces.

Inventory:

Hand Weapons
 a - a +0 shortbow (weapon)
Armour
 c - a +0 leather armour (worn)
 h - a +0 pair of gloves (worn)
Jewellery
 r - an amulet of faith
Wands
 d - a wand of iceblast (4)
Scrolls
 b - a scroll of immolation
 g - a scroll of butterflies
Potions
 e - 5 potions of degeneration
 f - 4 potions of heal wounds
 k - a potion of lignification {unknown}
 m - a potion of attraction {unknown}
 n - 2 potions of mutation {unknown}
 o - 4 potions of haste {unknown}
 s - a potion of might {unknown}
 t - a potion of invisibility {unknown}
 u - a potion of magic {unknown}


   Skills:
 - Level 2.4 Fighting
 + Level 8.6 Ranged Weapons
 - Level 2.1 Dodging
 - Level 0.7 Stealth


You had 5 spell levels left.
You didn't know any spells.
Your spell library contained the following spells:

 Spells                   Type           Power      Damage    Failure   Level
 Dazzling Flash           Conj/Hex       0%         N/A       88%         3
 Agony                    Necr           0%         N/A       100%        5
 Silence                  Hex/Air        0%         N/A       100%        5


Dungeon Overview and Level Annotations

Branches:
Dungeon (4/15)              Sewer (visited)
 Temple: D:4-7

Altars:

Annotations:
D:4 Eustachio


Innate Abilities, Weirdness & Mutations

You have a pair of horns on your head.
You reflexively headbutt those who attack you in melee.


Message History

The bat hits you but does no damage. x2
Fire: a) +0 shortbow
Press: ? - help, Shift-Dir - straight line, f/p - Eustachio
Aim: Eustachio, wielding a +0 rapier and wearing a +1 leather armour of cold resistance (moderately wounded, 54% to hit)
You shoot an arrow. The arrow hits the bat!
You kill the bat!
The bat's corpse disappears in a puff of smoke!
Fire: a) +0 shortbow
Press: ? - help, Shift-Dir - straight line, f/p - Eustachio
Aim: Eustachio, wielding a +0 rapier and wearing a +1 leather armour of cold resistance (purple smoke, moderately wounded, 54% to hit)
You shoot an arrow. The arrow hits Eustachio.
Eustachio is heavily wounded.
Eustachio mumbles some strange words.
Eustachio blinks!
Fire: a) +0 shortbow
Press: ? - help, Shift-Dir - straight line, f/p - Eustachio
Aim: Eustachio, wielding a +0 rapier and wearing a +1 leather armour of cold resistance (heavily wounded, 54% to hit)
You shoot an arrow.
The arrow closely misses the shadow imp.
The arrow closely misses Eustachio.
Fire: a) +0 shortbow
Press: ? - help, Shift-Dir - straight line, f/p - Eustachio
Aim: Eustachio, wielding a +0 rapier and wearing a +1 leather armour of cold resistance (heavily wounded, 54% to hit)
You shoot an arrow. The arrow barely misses the shadow imp.
The arrow hits the white imp.
The white imp is moderately wounded.
The shadow imp closely misses you. You furiously retaliate!
You headbutt the shadow imp!
Eustachio casts a spell.
The shadow imp barely misses you.
The shadow imp attacks as you move away!
The shadow imp hits you but does no damage.
Eustachio says, "Summoning is fun!"
Eustachio casts a spell.
The shadow imp attacks as you move away!
The shadow imp hits you.
* * * LOW HITPOINT WARNING * * *
The shadow imp gestures at you. Pain shoots through your body!
You die...

#........~~~~#~~~
#.####.#..~#~#~#~
####.####.#..~#~#~#~
##########.......#.#...#~~~#~
#..........##....#.#...######
#.##.##.####.....#.###.# #.#
##......# #.. #.######.#####
#### #..#####.#.5.@...#
#........#5####..#
#.###......# #..# #......# #.
# #.....5# #.....#.......
#.....#.###.#. #######@# r#


You could see a white imp (summoned) and a shadow imp (summoned).

Vanquished Creatures
  A necrophage (D:4)
  2 jellies (Sewer)
  Robin (D:2)
  4 river rats
  7 adders
  6 worms
  3 dart slugs
  8 orcs (D:3)
  6 ball pythons
  13 endoplasms
  7 giant cockroaches
  14 goblins
  4 hobgoblins
  7 jackals
  6 kobolds
  4 quokkas
  3 bats
  7 frilled lizards
  10 rats
113 creatures vanquished.

Notes
Turn   | Place    | Note
-------+----------+-------------------------------------------
     0 | D:1      | Persephone the Minotaur Hunter began the quest for the Orb.
     0 | D:1      | Reached XP level 1. HP: 18/18 MP: 0/0
   117 | D:1      | Reached XP level 2. HP: 25/25 MP: 1/1
   172 | D:1      | Reached skill level 5 in Ranged Weapons
   490 | D:1      | Found a faded altar of an unknown god.
   719 | D:2      | Reached XP level 3. HP: 30/30 MP: 2/2
   831 | D:2      | Noticed Robin
   848 | D:2      | Killed Robin
   849 | D:2      | Reached skill level 6 in Ranged Weapons
   855 | D:2      | Reached XP level 4. HP: 32/37 MP: 3/3
  2329 | D:4      | Noticed a necrophage
  2338 | D:4      | Reached skill level 7 in Ranged Weapons
  2338 | D:4      | Reached XP level 5. HP: 16/40 MP: 4/4
  2589 | D:4      | Reached skill level 8 in Ranged Weapons
  2591 | D:4      | Reached XP level 6. HP: 42/50 MP: 5/5
  2651 | D:4      | Found a glowing drain.
  2658 | Sewer    | Entered a sewer
  2926 | Sewer    | Found a viscous altar of Jiyva.
  3071 | D:4      | Noticed Eustachio
  3112 | D:4      | Killed from afar by a shadow imp

Illustrated notes

Levels and vault maps discovered:
D:1:      minmay_arrival_solitary_statue, layout_loops_ring,
          basic_ecumenical_altar
D:2:      layout_loops_corners, uniq_robin
D:3:      layout_loops_ring, chequers_serial_rivers_room_a
D:4:      layout_loops_cross, lightli_sewer_entry_pipes, uniq_edmund,
          uniq_eustachio

Skill      XL: |  1  2  3  4  5 |
---------------+----------------+-----
Ranged Weapons | 5 6 7 8 |  8.6
Fighting       | |  2.4
Dodging        | |  2.1
Stealth        | |  0.7

Action                   |  1- 3 |  4- 6 || total
-------------------------+-------+-------++-------
 Fire: Shortbow          |    98 |   231 ||   329
  Use: Scroll            |       |     8 ||     8
Armor: Leather armour    |    12 |    41 ||    53
Dodge: Dodged            |    42 |    72 ||   114
